 Dungeon Crawl Stone Soup version 0.28.0-53-g5a82cb258f (webtiles) character file.

Game seed: 4765090827139474745

327 cbfl8 the Chopper (level 6, -2/57 HPs)
             Began as a Minotaur Berserker on July 22, 2022.
             Was a Priest of Trog.
             Slain by a gnoll
             ... wielding a +0 scythe
              (10 damage)
             ... on level 4 of the Dungeon.
             The game lasted 00:03:35 (2545 turns).

cbfl8 the Chopper (Minotaur Berserker)              Turns: 2545, Time: 00:03:36

Health: -2/57      AC: 11    Str: 22    XL:     6   Next: 24%
Magic:  5/5        EV:  8    Int:  4    God:    Trog [***...]
Gold:   133        SH:  0    Dex: 11    Spells: 5/5 levels left

rFire   . . .      SeeInvis .   o - +0 war axe
rCold   . . .      Faith    .   (no shield)
rNeg    . . .      Spirit   .   p - +0 chain mail
rPois   .          Reflect  .   (helmet restricted)
rElec   .          Harm     .   r - +1 cloak
rCorr   .          Rampage  .   (no gloves)
Will    .....                   (no boots)
Stlth   ..........              (no amulet)
HPRegen 0.19/turn               (no ring)
MPRegen 0.09/turn               (no ring)

@: mighty, on berserk cooldown, slowed, invisible, very slow
A: horns 2, retaliatory headbutt
a: Renounce Religion, Berserk, Trog's Hand


You were on level 4 of the Dungeon.
You worshipped Trog.
Trog was most pleased with you.
You visited 1 branch of the dungeon, and saw 4 of its levels.

You collected 133 gold pieces.

Inventory:

Hand Weapons
 a - a +0 hand axe
 o - a +0 war axe (weapon)
Missiles
 g - a throwing net
Armour
 b - a +0 animal skin
 i - a +0 leather armour
 m - a +0 ring mail
 p - a +0 chain mail (worn)
 r - a +1 cloak (worn)
Wands
 j - a wand of flame (41) (quivered)
Scrolls
 c - a scroll of identify {unknown}
 f - 2 scrolls of noise {unknown}
 h - a scroll of fear {unknown}
 k - a scroll of teleportation {unknown}
 l - a scroll of amnesia {unknown}
Potions
 d - a potion of curing {unknown}
 e - a potion of mutation {unknown}
 q - a potion of invisibility


   Skills:
 * Level 5.6 Fighting
 + Level 6.1 Axes
 + Level 3.3 Armour
 + Level 2.8 Dodging
 + Level 0.4 Stealth
 * Level 1.3 Evocations


You had 5 spell levels left.
You didn't know any spells.
Your spell library was empty.

Dungeon Overview and Level Annotations

Branches:
Dungeon (4/15)
 Temple: D:4-7

Altars:
Makhleb
Sif Muna
Yredelemnul

Shops:
D:2 (

Annotations:
D:4 3 runed translucent doors, styxcanada's ghost, novice SpBr


Innate Abilities, Weirdness & Mutations

You have a pair of horns on your head.
You reflexively headbutt those who attack you in melee.


Message History

The gnoll closely misses you.
You barely miss the gnoll.
The gnoll is moderately wounded.
The gnoll hits you from afar with a +0 scythe.
The gnoll closely misses you.
Unknown command.
You barely miss the gnoll. You headbutt the gnoll!
The gnoll is almost dead.
You are no longer berserk.
You are exhausted.
You feel yourself slow down.
The gnoll hits you from afar with a +0 scythe.
The gnoll closely misses you.
The gnoll hits you from afar with a +0 scythe.
Unknown command.
You closely miss the gnoll.
The gnoll is almost dead.
The gnoll barely misses you. You furiously retaliate!
You headbutt the gnoll, but do no damage.
The gnoll closely misses you.
The gnoll hits you from afar with a +0 scythe.
* * * LOW HITPOINT WARNING * * *
The gnoll hits you from afar with a +0 scythe.
* * * LOW HITPOINT WARNING * * *
The gnoll misses you. You furiously retaliate!
You headbutt the gnoll.
You kill the gnoll!
Trog accepts your kill. The gnoll hits you but does no damage.
The gnoll barely misses you. The gnoll hits you but does no damage.
It was a potion of invisibility.
You fade into invisibility!
The gnoll closely misses you. The gnoll barely misses you.
The gnoll closely misses you. The gnoll barely misses you.
The gnoll hits you from afar with a +0 scythe.
* * * LOW HITPOINT WARNING * * *
It was a potion of might.
You feel very mighty all of a sudden. The gnoll closely misses you.
The gnoll hits you from afar with a +0 scythe!
You die...

##.....### #..##
#>.# #.......##
#..# #.>#
#......[.### ...#
#..#
#...........####..#
#..#
#.##....#.....#...#
#..# #..
##....##.......#
...# #.
##...###.....##
.... ##... ###..##
..#.. ##...#)@..#
#....)))##
##...ggg# #....g.#
#......# .......##
.......## ###....


You could see 3 gnolls and a hobgoblin.

Vanquished Creatures
  3 iron imps (D:3)
  2 scorpion zombies (D:4)
  Jessica (D:3)
  7 gnolls
  2 worms (D:3)
  2 dart slugs
  9 orcs
  9 endoplasms
  5 giant cockroaches
  4 goblins
  7 hobgoblins
  A jackal (D:2)
  2 kobolds
  3 quokkas (D:1)
  7 ball pythons
  5 bats
  3 frilled lizards (D:1)
  8 rats
80 creatures vanquished.

Notes
Turn   | Place    | Note
-------+----------+-------------------------------------------
     0 | D:1      | cbfl8 the Minotaur Berserker began the quest for the Orb.
     0 | D:1      | Reached XP level 1. HP: 19/19 MP: 0/0
   189 | D:1      | Reached skill level 4 in Axes
   192 | D:1      | Reached XP level 2. HP: 26/26 MP: 1/1
   267 | D:1      | Found a faded altar of an unknown god.
   473 | D:1      | Reached ** piety under Trog
   481 | D:1      | Reached XP level 3. HP: 27/33 MP: 2/2
   708 | D:2      | Reached XP level 4. HP: 26/41 MP: 3/3
   862 | D:2      | Found Fyhicwu's Antique Weapon Boutique.
  1460 | D:3      | Found a shimmering blue altar of Sif Muna.
  1536 | D:3      | Reached skill level 5 in Axes
  1746 | D:3      | Reached *** piety under Trog
  1856 | D:3      | Found a burning altar of Makhleb.
  1860 | D:3      | Noticed Jessica
  1871 | D:3      | Reached skill level 5 in Fighting
  1871 | D:3      | Reached XP level 5. HP: 37/48 MP: 4/4
  1890 | D:3      | Killed Jessica
  1899 | D:3      | Reached skill level 1 in Evocations
  2364 | D:4      | Found a runed translucent gate.
  2364 | D:4      | Found a runed translucent gate.
  2364 | D:4      | Found a runed translucent gate.
  2364 | D:4      | Noticed styxcanada's ghost (novice SpBr)
  2366 | D:4      | Found a basalt altar of Yredelemnul.
  2421 | D:4      | Reached XP level 6. HP: 48/56 MP: 5/5
  2537 | D:4      | Reached skill level 6 in Axes
  2545 | D:4      | Slain by a gnoll

Illustrated notes

Levels and vault maps discovered:
D:1:      scummos_arrival_simple_fountains, layout_rooms,
          basic_ecumenical_altar, hangedman_decor_opposing
D:2:      layout_rooms, serial_shops, nicolae_shop_advertising_works
          [nicolae_subvault_shop_adworks], minmay_pentomino_q4
D:3:      layout_basic, demons_altar, mainiacjoe_overflow_alcove_2, uniq_jessica
D:4:      layout_layer_cave, nicolae_yredelemnul_ghost_church,
          nzn_wu_jian_council_hall, nrook_mini_backslash, sigmund_army,
          uniq_blork_the_orc

Skill      XL: |  1  2  3  4  5  6 |
---------------+-------------------+-----
Axes           | 4 5 6 |  6.1
Fighting       | 4 5 |  5.6
Armour         | 3 |  3.3
Evocations     | 1 |  1.3
Dodging        | |  2.8
Stealth        | |  0.4

Action                   |  1- 3 |  4- 6 || total
-------------------------+-------+-------++-------
Melee: Hand axe          |    61 |    44 ||   105
       Headbutt          |     6 |    12 ||    18
       War axe           |       |    44 ||    44
       Punch             |       |     1 ||     1
Invok: Berserk           |     1 |     3 ||     4
Evoke: Wand              |       |     2 ||     2
  Use: Potion            |       |     2 ||     2
 Stab: Sleeping          |     2 |       ||     2
Armor: Animal skin       |    10 |     1 ||    11
       Chain mail        |       |    26 ||    26
       Leather armour    |       |     3 ||     3
       Ring mail         |       |     2 ||     2
Dodge: Dodged            |    41 |    53 ||    94
